 Dungeon Crawl Stone Soup version 0.20.1-1-g8b1a95d (webtiles) character file.

310 Internecine the Sneak (level 6, 0/51 HPs)
             Began as a Minotaur Assassin on Sept 29, 2017.
             Killed from afar by an orc wizard (4 damage)
             ... with a puff of flame
             ... on level 4 of the Dungeon.
             The game lasted 00:26:43 (3129 turns).

Internecine the Sneak (Minotaur Assassin)           Turns: 3129, Time: 00:26:46

Health: 0/51       AC:  3    Str: 12 (15) XL:     6   Next: 18%
Magic:  5/5        EV: 12    Int: 16      God:
Gold:   121        SH:  3    Dex: 11 (14) Spells: 5/5 levels left

rFire    . . .     SeeInvis .   x - +2 whip (venom)
rCold    . . .     Gourm    .   B - +0 buckler
rNeg     . . .     Faith    .   c - +0 robe
rPois    .         Spirit   .   (helmet restricted)
rElec    .         Reflect  .   k - +0 cloak
rCorr    .         Harm     +   (no gloves)
MR       .....                  (no boots)
Stlth    +++.......             J - amulet of harm
Regen    0.2/turn               Q - +3 ring of intelligence
MPRegen  0.1/turn               (no ring)

@: brilliant
A: retaliatory headbutt, horns 2
a: no special abilities


You were on level 4 of the Dungeon.
You were not hungry.

You visited 1 branch of the dungeon, and saw 4 of its levels.

You collected 121 gold pieces.

Inventory:

Hand Weapons
 a - a +2 dagger
 b - a +0 blowgun
 x - a +2 whip of venom (weapon)
 O - a +0 short sword
Missiles
 e - 21 poisoned needles
 f - 2 curare-tipped needles
 l - 20 sling bullets
 n - 100 stones (quivered)
 s - 17 arrows
 y - 3 needles of confusion
 P - 19 bolts
Armour
 c - a +0 robe (worn)
 d - a +0 cloak
 k - a +0 cloak (worn)
 q - a +0 scale mail
 w - a +0 leather armour
 B - a +0 buckler (worn)
 F - a +0 chain mail
 H - a +0 chain mail
 L - a +0 ring mail
 N - a +0 ring mail
Jewellery
 J - an amulet of harm (around neck)
 Q - a +3 ring of intelligence (left hand)
Wands
 M - a wand of lightning (7/15)
Scrolls
 h - a scroll of immolation {unknown}
 i - a scroll of recharging {unknown}
 o - 4 scrolls of identify
 r - 4 scrolls of remove curse
 C - 2 scrolls of amnesia {unknown}
 E - a scroll of teleportation {unknown}
 G - a scroll of magic mapping {unknown}
 I - 4 scrolls of fog {unknown}
Potions
 j - 3 potions of degeneration
 m - a potion of agility {unknown}
 p - 2 potions of cancellation {unknown}
 u - 2 potions of invisibility {unknown}
 v - 2 potions of might {unknown}
 z - 2 potions of brilliance
 A - 2 potions of berserk rage {unknown}
Comestibles
 g - 5 bread rations
 t - a royal jelly
 D - 4 fruits
 R - 2 chunks of flesh


   Skills:
 + Level 3.4 Fighting
 + Level 3.2 Short Blades
 + Level 1.6 Maces & Flails
 + Level 2.6 Throwing
 + Level 3.1 Dodging
 + Level 4.7 Stealth
 + Level 1.3 Shields


You had 5 spell levels left.
You didn't know any spells.

Dungeon Overview and Level Annotations

Branches:
Dungeon (4/15)
 Temple: D:4-7

Altars:
Kikubaaqudgha
Ru

Annotations:
D:4 Natasha


Innate Abilities, Weirdness & Mutations

You reflexively headbutt those who attack you in melee.
You have a pair of horns on your head.


Message History

Natasha stares at you and mumbles some strange words.
The magic dart hits you!
* * * LOW HITPOINT WARNING * * *
You hear some strange, mumbled words.
Something tries to affect you, but you resist.
As you read the scroll labeled BANGAA WODOYS, it crumbles to dust.
It is a scroll of identify.
r - 4 scrolls of remove curse The shadow imp closely misses you.
You hear some strange, mumbled words.
A puff of flame appears from out of thin air!
The puff of flame misses you.
It was a potion of brilliance.
You feel clever all of a sudden. The shadow imp hits you.
* * * LOW HITPOINT WARNING * * *
You hear some strange, mumbled words.
A puff of flame appears from out of thin air!
The puff of flame hits you!
You die...

## #.# .#
#.# .#
#.# .#
#.# .#
#.# .###
#.#
...### .
# #.#
......
....#h#{#
...#.#
#...l5@#
#.##
##.#(###
..# #(
### . #
.# . ##
##


You could see an iguana, Natasha and a shadow imp.

Vanquished Creatures
  A scorpion (D:4)
  An iguana (D:4)
  A worker ant (D:4)
  Natasha (twice) (D:4)
  An orc wizard (D:3)
  An adder (D:3)
  A shadow imp (D:4)
  2 oozes (D:1)
  3 worms
  A dart slug (D:2)
  A leopard gecko (D:4)
  14 orcs
  9 bats
  5 giant cockroaches
  10 goblins
  9 hobgoblins
  4 jackals (D:4)
  A quokka (D:2)
  A ball python (D:1)
  9 frilled lizards
  6 kobolds
  6 rats
89 creatures vanquished.

Notes
Turn   | Place    | Note
-------+----------+-------------------------------------------
     0 | D:1      | Internecine the Minotaur Assassin began the quest for the Orb.
     0 | D:1      | Reached XP level 1. HP: 18/18 MP: 0/0
    54 | D:1      | Reached XP level 2. HP: 22/25 MP: 1/1
   410 | D:1      | Reached skill level 4 in Stealth
   484 | D:1      | Reached XP level 3. HP: 30/30 MP: 2/2
   994 | D:2      | Found a sacrificial altar of Ru.
  1002 | D:2      | Found an ancient bone altar of Kikubaaqudgha.
  1918 | D:3      | Reached XP level 4. HP: 32/37 MP: 3/3
  2475 | D:4      | Noticed Natasha
  2476 | D:4      | Reached XP level 5. HP: 39/45 MP: 4/4
  2480 | D:4      | Killed Natasha
  2480 | D:4      | Reached skill level 1 in Maces & Flails
  2709 | D:4      | Noticed Natasha
  2717 | D:4      | Killed Natasha
  2722 | D:4      | Reached skill level 1 in Shields
  2722 | D:4      | Reached XP level 6. HP: 5/51 MP: 5/5
  2726 | D:4      | HP: 2/51 [poisoned by a worker ant]
  3112 | D:4      | Noticed Natasha
  3129 | D:4      | Killed from afar by an orc wizard

Skill      XL: |  1  2  3  4  5  6 |
---------------+-------------------+-----
Stealth        | 4 |  4.7
Fighting       | 3 |  3.4
Dodging        | 2 3 |  3.1
Short Blades   | 3 |  3.2
Maces & Flails | 1 |  1.6
Shields        | 1 |  1.3
Throwing       | |  2.6

Action                   |  1- 3 |  4- 6 || total
-------------------------+-------+-------++-------
Melee: Dagger            |    99 |     6 ||   105
       Headbutt          |    13 |    16 ||    29
       Whip              |       |    68 ||    68
Throw: Stone             |    42 |    22 ||    64
  Use: Potion            |       |     4 ||     4
       Scroll            |       |     1 ||     1
 Stab: Sleeping          |     7 |     1 ||     8
  Eat: Chunk             |     1 |     1 ||     2
       Meat ration       |     1 |       ||     1
Armor: Robe              |    25 |    22 ||    47
Dodge: Dodged            |    54 |    39 ||    93
Block: Buckler           |     5 |    12 ||    17
